 Dungeon Crawl Stone Soup version 0.29.1-15-g9cfb28693d (webtiles) character file.

Game seed: 7435555111533880255

270 wingedge the Chopper (level 6, 0/61 HPs)
             Began as an Ogre Hedge Wizard on Apr 12, 2023.
             Slain by a black bear (12 damage)
             ... on level 4 of the Dungeon.
             The game lasted 00:15:39 (4242 turns).

wingedge the Chopper (Ogre Hedge Wizard)            Turns: 4242, Time: 00:15:40

Health: 0/61       AC:  3    Str: 15    XL:     6   Next: 22%
Magic:  8/12       EV:  9    Int: 17    God:
Gold:   72         SH:  0    Dex:  8    Spells: 10/13 levels left

rFire   . . .      SeeInvis .   a - +0 war axe
rCold   . . .      Faith    .   (no shield)
rNeg    . . .      Spirit   .   b - +0 robe
rPois   .          Reflect  .   c - +0 hat
rElec   .          Harm     .   (no cloak)
rCorr   .          Rampage  .   (gloves unavailable)
Will    .....                   (boots unavailable)
Stlth   +.........              l - amulet of regeneration
HPRegen 1.00/turn               (no ring)
MPRegen 0.13/turn               (no ring)

@: no status effects
A: large, unfitting armour, tough skin 1
a: no special abilities


You were on level 4 of the Dungeon.
You visited 1 branch of the dungeon, and saw 4 of its levels.

You collected 143 gold pieces.
You spent 71 gold pieces at shops.

Inventory:

Hand Weapons
 a - a +0 war axe (weapon)
 f - a +0 short sword
 p - a +0 dagger
Missiles
 h - 2 javelins
 j - 2 poisoned darts
Armour
 b - a +0 robe (worn)
 c - a +0 hat (worn)
 n - a +0 tower shield
Jewellery
 l - an amulet of regeneration (around neck)
Scrolls
 i - 2 scrolls of butterflies
 k - a scroll of teleportation
 m - a scroll of immolation
 o - 3 scrolls of poison
 r - a scroll of fear
Potions
 d - 2 potions of magic
 e - a potion of flight
 q - a potion of mutation {unknown}
 s - a potion of heal wounds {unknown}


   Skills:
 - Level 3.0 Fighting
 + Level 4.1 Axes
 - Level 1.7 Dodging
 - Level 1.4 Stealth
 - Level 4.0 Spellcasting
 - Level 2.0 Conjurations
 - Level 2.0 Summonings
 - Level 0.8 Translocations


You had 10 spell levels left.
You knew the following spells:

 Your Spells              Type           Power      Damage    Failure   Level
a - Magic Dart            Conj           40%        1d5       7%          1
b - Call Imp              Summ           10%        N/A       11%         2

Your spell library contained the following spells:

 Spells                   Type           Power      Damage    Failure   Level
 Slow                     Hex            12%        N/A       16%         1
 Blink                    Tloc           12%        N/A       17%         2
 Conjure Flame            Conj/Fire      6%         6-21      30%         3
 Dazzling Flash           Conj/Hex       12%        N/A       30%         3
 Mephitic Cloud           Conj/Pois/Air  5%         N/A       36%         3
 Iskenderun's Mystic Bla  Conj/Tloc      8%         2d4       65%         4
 Starburst                Conj/Fire      3%         6d3       100%        6


Dungeon Overview and Level Annotations

Branches:
Dungeon (4/15)
 Temple: D:4-7

Altars:
Xom

Shops:
D:1 ?   D:2 (


Innate Abilities, Weirdness & Mutations

You are too large for most types of armour.
You have tough skin. (AC +1)


Message History

The black bear bites you but does no damage.
The black bear closely misses you. The black bear claws you.
* * * LOW HITPOINT WARNING * * *
Okay, then.
As you read the scroll of butterflies, it crumbles to dust.
You hear the tinkle of a tiny bell.
The black bear bites you!
* * * LOW HITPOINT WARNING * * *
The black bear claws you but does no damage.
The black bear claws you.
* * * LOW HITPOINT WARNING * * *
You swap places.
The black bear closely misses your butterfly.
The black bear completely misses your butterfly.
The black bear claws your butterfly.
Your butterfly dies!
Your butterfly disappears in a burst of colours!
You swap places.
You swap places.
The black bear bites your butterfly.
Your butterfly dies!
Your butterfly disappears in a burst of colours!
Your crimson imp blinks!
Okay, then.
Casting: Magic Dart (safe; 7% risk of failure)
Confirm with . or Enter, or press ? or * to list all spells.
Aiming: Magic Dart (safe; 7% risk of failure)
Press: ? - help, Shift-Dir - straight line, f/p - black bear
Aim: a black bear (almost dead, berserk, ally target, 100% to hit)
The magic dart hits the black bear.
The black bear is almost dead.
The black bear closely misses you. The black bear barely misses you.
The black bear claws you but does no damage.
Casting: Magic Dart (safe; 7% risk of failure)
Confirm with . or Enter, or press ? or * to list all spells.
Aiming: Magic Dart (safe; 7% risk of failure)
Press: ? - help, Shift-Dir - straight line, f/p - black bear
Aim: a black bear (almost dead, berserk, ally target, 100% to hit)
The magic dart hits the black bear.
The black bear is almost dead.
The black bear bites you!
You die...

#..[......†..#
..####....†..#
##......#
#.#....#
###...##.##
#.........##
#...>......#
#........#.#
#..bbb@..#.#
#...bbhb.#
#..b..b..#
###..bb....#
[........bbb5..#
#
..(..##........#
.### ....
#........#....#
...
......#.##?....$#
..
#####.....#.....#


You could see a black bear (berserk, ally target) and a friendly crimson imp
(summoned).

Vanquished Creatures
  A black bear (D:4)
  5 gnolls (D:3)
  4 adders
  A white imp (D:4)
  A dart slug (D:1)
  5 endoplasms
  A giant cockroach (D:1)
  6 goblins
  2 hobgoblins
  6 jackals
  8 kobolds
  3 quokkas
  8 ball pythons
  2 bats
  5 frilled lizards
  7 rats
65 creatures vanquished.

Vanquished Creatures (collateral kills)
  2 gnolls (D:3)
  An endoplasm (D:2)
  A giant cockroach (D:3)
  A jackal (D:2)
  3 ball pythons
8 creatures vanquished.

Grand Total: 73 creatures vanquished

Notes
Turn   | Place    | Note
-------+----------+-------------------------------------------
     0 | D:1      | wingedge the Ogre Hedge Wizard began the quest for the Orb.
     0 | D:1      | Reached XP level 1. HP: 16/16 MP: 5/5
    14 | D:1      | Reached skill level 1 in Conjurations
   285 | D:1      | Reached skill level 1 in Fighting
   285 | D:1      | Reached XP level 2. HP: 27/27 MP: 1/7
  1090 | D:1      | Found Dosoguugh's Magic Scroll Shoppe.
  1095 | D:1      | Bought a scroll of identify for 24 gold pieces
  1095 | D:1      | Bought a scroll of noise for 12 gold pieces
  1168 | D:1      | Learned a level 2 spell: Call Imp
  1558 | D:2      | Found a shimmering altar of Xom.
  1568 | D:2      | Reached skill level 1 in Summonings
  1571 | D:2      | Reached XP level 3. HP: 29/36 MP: 3/8
  2248 | D:2      | Reached XP level 4. HP: 45/45 MP: 6/10
  2636 | D:2      | Identified the +0 plate armour "Xezalese" {rC+ rN+}
  2866 | D:2      | Found Bad Nui's Weapon Emporium.
  2874 | D:2      | Bought a +0 war axe for 35 gold pieces
  3160 | D:3      | Reached skill level 1 in Axes
  3360 | D:3      | Reached XP level 5. HP: 13/53 MP: 3/11
  3414 | D:3      | HP: 1/53 [gnoll/+0 club (4)]
  4060 | D:4      | Noticed a black bear
  4071 | D:4      | Killed a black bear
  4072 | D:4      | Reached XP level 6. HP: 51/61 MP: 7/12
  4222 | D:4      | Noticed a black bear
  4242 | D:4      | Slain by a black bear

Illustrated notes

Levels and vault maps discovered:
D:1:      spicycebolla_arrival_ecumenical, layout_loops_corners, serial_shops,
          nicolae_shop_hallway_stairs, st_stairs_14,
          amcnicky_mini_corridor_feature
D:2:      layout_loops_ring, serial_shops, shop, basic_altar,
          minmay_tiny_reverse_x
D:3:      kennysheep_big_flooded_room, layout_loops_ring
D:4:      layout_rooms, minmay_lizard_king, uniq_pikel, uniq_menkaure

Skill      XL: |  1  2  3  4  5 |
---------------+----------------+-----
Conjurations   | 1 2 |  2.0
Spellcasting   | 4 |  4.0
Fighting       | 1 2 3 |  3.0
Summonings     | 1 2 |  2.0
Axes           | 1 4 |  4.1
Dodging        | |  1.7
Stealth        | |  1.4
Translocations | |  0.8

Action                   |  1- 3 |  4- 6 || total
-------------------------+-------+-------++-------
Melee: Short sword       |    52 |       ||    52
       Dagger            |     2 |       ||     2
       War axe           |       |    31 ||    31
 Cast: Magic Dart        |    91 |    73 ||   164
       Call Imp          |     3 |     7 ||    10
  Use: Scroll            |     2 |     6 ||     8
       Potion            |       |     4 ||     4
 Stab: Sleeping          |     2 |       ||     2
Armor: Robe              |    19 |    17 ||    36
Dodge: Dodged            |    47 |    37 ||    84
